 Dungeon Crawl Stone Soup version 0.27-a0-1525-g1038ab4fd7 (webtiles) character file.

Game seed: 9721793187580806033

1866 hatdisgam the Fighter (level 9, -10/74 HPs)
             Began as a Formicid Fighter on July 11, 2021.
             Was a Follower of Uskayaw.
             Mangled by Harold (27 damage)
             ... on level 7 of the Dungeon.
             The game lasted 00:08:18 (6681 turns).

hatdisgam the Fighter (Formicid Fighter)            Turns: 6681, Time: 00:08:19

Health: -10/74     AC: 10    Str: 24    XL:     9   Next: 35%
Magic:  10/10      EV: 10    Int:  8    God:    Uskayaw [*.....]
Gold:   247        SH: 11    Dex: 10    Spells: 8/8 levels left

rFire    . . .     SeeInvis +   f - +0 dagger (elec)
rCold    . . .     Faith    .   c - +0 kite shield
rNeg     . . .     Spirit   .   b - +0 scale mail
rPois    .         Reflect  .   (helmet unavailable)
rElec    .         Harm     .   u - +0 cloak {Will+}
rCorr    .         Rampage  .   m - +0 pair of gloves
Will     +....                  q - +0 pair of boots
Stlth    ..........             (no amulet)
HPRegen  0.22/turn              d - ring of flight
MPRegen  0.12/turn              (no ring)

@: marked, flying, studying Fighting
A: permanent stasis, dig shafts and tunnels, antennae 3, four strong arms
a: Dig, Shaft Self, Renounce Religion, Stomp


You were on level 7 of the Dungeon.
You worshipped Uskayaw.
Uskayaw was noncommittal.
You visited 2 branches of the dungeon, and saw 8 of its levels.

You collected 247 gold pieces.

Inventory:

Hand Weapons
 a - a +0 war axe
 f - a +0 dagger of electrocution (weapon)
 v - the +8 mace of the Extremes {drain, rF+}
   (You found it on level 6 of the Dungeon)

   A truly terrible weapon, it drains the life of those it strikes.
   rF:        It protects you from fire.
Armour
 b - a +0 scale mail (worn)
 c - a +0 kite shield (worn)
 m - a +0 pair of gloves (worn)
 n - a +0 cloak
 q - a +0 pair of boots (worn)
 u - a +0 cloak of willpower (worn)
Jewellery
 d - a ring of flight (left hand)
Wands
 t - a wand of paralysis (4)
Scrolls
 e - 2 scrolls of enchant armour {unknown}
 h - a scroll of blinking {unknown}
 i - 2 scrolls of fear {unknown}
 j - 3 scrolls of identify {unknown}
 k - a scroll of enchant weapon {unknown}
 l - 2 scrolls of amnesia {unknown}
 o - a scroll of silence {unknown}
 s - a scroll of magic mapping {unknown}
Potions
 g - 3 potions of brilliance {unknown}
 p - 2 potions of heal wounds {unknown}
 r - a potion of attraction {unknown}


   Skills:
 + Level 8.2 Fighting
 * Level 6.3 Short Blades
 - Level 5.2 Axes
 - Level 3.2 Armour
 - Level 2.5 Dodging
 + Level 7.7 Shields
 - Level 1.4 Invocations


You had 8 spell levels left.
You didn't know any spells.
Your spell library contained the following spells:

 Spells                   Type           Power      Damage    Failure   Level
 Foxfire                  Conj/Fire      0%         2x1d4     80%         1
 Shock                    Conj/Air       0%         1d3       80%         1
 Summon Small Mammal      Summ           0%         N/A       80%         1
 Call Canine Familiar     Summ           0%         N/A       99%         3
 Conjure Flame            Conj/Fire      0%         6-21      99%         3
 Inner Flame              Hex/Fire       0%         N/A       99%         3
 Summon Guardian Golem    Hex/Summ       0%         N/A       99%         3
 Airstrike                Air            0%         N/A       100%        4
 Summon Ice Beast         Ice/Summ       0%         N/A       100%        4
 Summon Mana Viper        Hex/Summ       0%         N/A       100%        5
 Monstrous Menagerie      Summ           0%         N/A       100%        7
 Swiftness                Air            Unusable   N/A       N/A         3

Dungeon Overview and Level Annotations

Branches:
Dungeon (7/15)             Temple (1/1) D:5

Altars:
Ashenzari
Cheibriados
Dithmenos
Elyvilon
Gozag
Kikubaaqudgha
Makhleb
Okawaru
Qazlal
Sif Muna
Trog
Uskayaw
Vehumet
Xom
Zin
The Shining One

Shops:
D:3 *

Annotations:
D:7 Harold


Innate Abilities, Weirdness & Mutations

You cannot be hasted, slowed, berserked, paralysed or teleported.
You can dig through walls and to a lower floor.
You have a pair of large antennae on your head. (SInv)
Your four strong arms can wield two-handed weapons with a shield.


Message History

You puncture the orc!
You kill the orc!
No target in view!
You can no longer pass through a line of other dancers.
HP restored.
You now have 247 gold pieces (gained 15).
Items here: ( )))) [ ††††.
Harold the Weathered comes into view.
He is wielding a +4 halberd of protection.
Harold is nearby!
Harold is nearby!
Harold is nearby!
Found 12 gold pieces.
Okay, then.
A necrophage comes into view.
Found 20 gold pieces.
Harold hits you with a +4 halberd of protection!
You hit Harold but do no damage. Lightning courses through Harold!!
Harold is moderately wounded.
Harold hits you with a +4 halberd of protection!
You hit Harold but do no damage.
Harold is moderately wounded.
You hit Harold but do no damage.
Harold is moderately wounded.
You block Harold's attack.
Harold hits you from afar with a +4 halberd of protection!!
Harold throws a throwing net.
The throwing net hits you.
You become entangled in the net!
You see here a throwing net.
You struggle against the net.
Harold casts a spell at you. A sentinel's mark forms upon you.
You struggle against the net.
The necrophage hits you but does no damage.
You tear a large gash into the net.
The necrophage hits you but does no damage.
Harold hits you from afar with a +4 halberd of protection!
* * * LOW HITPOINT WARNING * * *
You shred the net and break free! You block the necrophage's attack.
Harold hits you from afar with a +4 halberd of protection!!
You die...

# ### #####.. .. ..$....
##. .......
##..#..##########.......
.......)...<..@n@.......
###.######......!.......
#..######....$.. ....##
....... ..#### #......
...#.. ...# # ##.#


You could see Harold and a necrophage.

Vanquished Creatures
  Prince Ribbit (D:5)
  A steam dragon (D:6)
  A black bear (D:5)
  2 ogres
  A centaur (D:6)
  A necrophage (D:6)
  2 bullfrogs
  A kobold brigand (D:4)
  2 scorpions
  A water moccasin skeleton (D:5)
  3 wights (D:6)
  A howler monkey (D:4)
  Crazy Yiuf (D:6)
  A gnoll shaman (D:4)
  2 hounds
  2 orc priests
  A centaur skeleton (D:5)
  An iron imp (D:6)
  Jessica (D:3)
  An iguana (D:4)
  4 orc wizards
  A hound skeleton (D:5)
  A hound zombie (D:3)
  4 gnolls
  An adder (D:2)
  A shadow imp (D:5)
  A white imp (D:5)
  An adder zombie (D:4)
  3 worms
  2 dart slugs
  10 orcs
  4 ball pythons
  6 endoplasms
  6 giant cockroaches
  3 goblins (D:2)
  9 hobgoblins
  18 jackals
  5 kobolds
  3 quokkas (D:1)
  6 bats
  5 frilled lizards
  4 rats
125 creatures vanquished.

Notes
Turn   | Place    | Note
-------+----------+-------------------------------------------
     0 | D:1      | hatdisgam the Formicid Fighter began the quest for the Orb.
     0 | D:1      | Reached XP level 1. HP: 18/18 MP: 1/1
    38 | D:1      | Reached XP level 2. HP: 20/24 MP: 2/2
   320 | D:1      | Reached XP level 3. HP: 24/29 MP: 3/3
   465 | D:1      | Found a faded altar of an unknown god.
   477 | D:1      | Reached skill level 1 in Dodging
   904 | D:2      | Reached XP level 4. HP: 24/35 MP: 4/4
  1012 | D:2      | You fall into a shaft and drop 2 floors!
  1038 | D:4      | Noticed a bullfrog
  1038 | D:4      | Noticed an ogre
  1049 | D:4      | Killed a bullfrog
  1050 | D:4      | Reached XP level 5. HP: 32/41 MP: 5/5
  1054 | D:4      | Killed an ogre
  1055 | D:4      | Reached XP level 6. HP: 22/47 MP: 6/6
  1294 | D:4      | Reached skill level 5 in Shields
  1360 | D:4      | Reached skill level 5 in Axes
  1360 | D:4      | Reached XP level 7. HP: 3/53 MP: 7/7
  1702 | D:3      | Found a broken altar of Ashenzari.
  2056 | D:2      | Reached skill level 4 in Fighting
  3028 | D:4      | Found a burning altar of Makhleb.
  3039 | D:4      | Reached skill level 1 in Short Blades
  3802 | D:3      | Found an opulent altar of Gozag.
  3804 | D:3      | Noticed Jessica
  3806 | D:3      | Found Gozag's Platinum Reserve.
  3808 | D:3      | Killed Jessica
  3910 | D:5      | Entered Level 5 of the Dungeon
  4060 | D:5      | Reached skill level 5 in Fighting
  4158 | D:4      | Reached XP level 8. HP: 40/62 MP: 8/8
  4403 | D:5      | Found a staircase to the Ecumenical Temple.
  4450 | Temple   | Entered the Ecumenical Temple
  4705 | D:5      | Found a shadowy altar of Dithmenos.
  4772 | D:5      | Reached skill level 6 in Fighting
  4863 | D:5      | Found a hide-covered altar of Uskayaw.
  4894 | D:5      | Became a worshipper of Uskayaw the Reveller
  4985 | D:5      | Noticed Prince Ribbit
  4990 | D:5      | Reached * piety under Uskayaw
  4992 | D:5      | Reached ** piety under Uskayaw
  4999 | D:5      | Killed Prince Ribbit
  5000 | D:5      | Reached skill level 1 in Invocations
  5241 | D:6      | Found a snail-covered altar of Cheibriados.
  5274 | D:6      | Reached skill level 7 in Fighting
  5274 | D:6      | Reached skill level 5 in Short Blades
  5386 | D:6      | Reached XP level 9. HP: 56/72 MP: 10/10
  5985 | D:6      | Found a glowing silver altar of Zin.
  6056 | D:6      | Found a runed translucent door.
  6057 | D:6      | Identified the +8 mace of the Extremes {drain, rF+}
  6057 | D:6      | Noticed Crazy Yiuf
  6197 | D:6      | Reached skill level 8 in Fighting
  6402 | D:6      | Killed Crazy Yiuf
  6669 | D:7      | Noticed Harold
  6681 | D:7      | Mangled by Harold

Illustrated notes

Levels and vault maps discovered:
D:1:      dpeg_arrival_long_road, layout_rooms,
          hellmonk_ecumenical_altar_crossroads
D:2:      layout_loops_ring, minmay_misc_feat_cross, minivault_24,
          chequers_mini_garden, item_on_display_a
D:3:      layout_basic, nicolae_ashenzari_skybound,
          nicolae_gozag_zags_fifth_avenue, minmay_misc_feat_chi, uniq_jessica
D:4:      layout_basic, amcnicky_altar_gilded, nicolae_ossuary_entry_monument,
          chequers_serial_rivers_micro_e, minmay_manual_moon
D:5:      layout_basic, nicolae_dithmenos_the_darkroom,
          overflow_temple_1_default, minmay_temple_entry_grid,
          hangedman_abyss_or_decor_passed, uniq_prince_ribbit1
D:6:      layout_cave_pools, zin_statuary, slow_altar_1, uniq_crazy_yiuf_cottage
D:7:      layout_rooms, mainiacjoe_overflow_surrounded_room, serial_shops,
          nicolae_inconvenience_store, uniq_pikel, uniq_harold
Temple:   nicolae_temple_figure_zero

Skill      XL: |  1  2  3  4  5  6  7  8  9 |
---------------+----------------------------+-----
Shields        | 4 5 6 7 |  7.7
Dodging        | 1 2 |  2.5
Axes           | 3 4 5 |  5.2
Fighting       | 5 7 8 |  8.2
Short Blades   | 2 5 6 |  6.3
Invocations    | 1 |  1.4
Armour         | |  3.2

Action                   |  1- 3 |  4- 6 |  7- 9 || total
-------------------------+-------+-------+-------++-------
Melee: War axe           |   120 |    48 |   220 ||   388
       Dagger            |       |       |   143 ||   143
 Abil: Dig               |       |     1 |     1 ||     2
  Use: Potion            |       |     3 |       ||     3
Armor: Scale mail        |    70 |    10 |   120 ||   200
Dodge: Dodged            |    56 |    17 |   112 ||   185
Block: Kite shield       |    73 |    27 |   177 ||   277

Table legend: (Time is in decaauts)
 A = Elapsed time spent in this place.
 B = Non-inter-level travel time spent in this place.
 C = Inter-level travel time spent in this place.
 D = Time resting spent in this place.
 E = Time spent auto-exploring this place.
 F = Levels seen in this place.
 G = Mean time per level.
                   A        B        C        D        E       F      G
               +--------+--------+--------+--------+--------+-----+--------+
         Total |   6819 |   6487 |    332 |    451 |   4845 |   8 |  852.4 |
       Dungeon |   6631 |   6310 |    321 |    451 |   4670 |   7 |  947.3 |
        Temple |    187 |    177 |     10 |      0 |    175 |   1 |  187.0 |
               +--------+--------+--------+--------+--------+-----+--------+

Top non-repeatable levels by time:
     D:4: 1549 daAuts
     D:6: 1386 daAuts
     D:2: 1021 daAuts
     D:5: 916 daAuts
     D:3: 854 daAuts
     D:1: 812 daAuts
  Temple: 187 daAuts
     D:7: 91 daAuts
